 Dungeon Crawl Stone Soup version 0.21.1-1-g345015f (webtiles) character file.

396 tamerofbeasts the Shield-Bearer (level 6, -3/55 HPs)
             Began as a Minotaur Fighter on May 14, 2018.
             Slain by Theotherone's ghost (10 damage)
             ... on level 4 of the Dungeon on May 15, 2018.
             The game lasted 00:04:58 (2628 turns).

tamerofbeasts the Shield-Bearer (Minotaur Fighter)  Turns: 2628, Time: 00:04:58

Health: -3/55      AC: 12    Str: 20    XL:     6   Next: 52%
Magic:  5/5        EV:  4    Int:  5    God:
Gold:   245        SH: 10    Dex: 12    Spells: 5/5 levels left

rFire    . . .     SeeInvis .   a - +1 flail
rCold    . . .     Gourm    .   c - +0 shield
rNeg     . . .     Faith    .   w - +0 plate armour
rPois    .         Spirit   .   (helmet restricted)
rElec    .         Reflect  .   (no cloak)
rCorr    .         Harm     .   (no gloves)
MR       .....                  (no boots)
Stlth    ..........             (no amulet)
HPRegen  0.18/turn              (no ring)
MPRegen  0.09/turn              (no ring)

@: no status effects
A: retaliatory headbutt, horns 2
a: no special abilities


You were on level 4 of the Dungeon.
You were full.

You visited 1 branch of the dungeon, and saw 4 of its levels.

You collected 245 gold pieces.

Inventory:

Hand Weapons
 a - a +1 flail (weapon)
Armour
 c - a +0 shield (worn)
 w - a +0 plate armour (worn)
Jewellery
 e - an uncursed amulet of guardian spirit {unknown}
 p - an uncursed ring of magical power
 u - an uncursed ring of flight {unknown}
Scrolls
 b - a scroll of identify
 i - 2 scrolls of teleportation
 j - 2 scrolls of amnesia
 n - a scroll of remove curse {unknown}
Potions
 d - a potion of might
 g - a potion of haste {unknown}
 h - a potion of magic {unknown}
 k - a potion of brilliance {unknown}
 l - a potion of heal wounds {unknown}
 m - 3 potions of flight {unknown}
 o - a potion of berserk rage {unknown}
 q - 2 potions of curing {unknown}
 v - a potion of cancellation {unknown}
Comestibles
 f - 5 rations


   Skills:
 + Level 4.8 Fighting
 + Level 5.1 Maces & Flails
 + Level 5.0 Armour
 + Level 1.3 Dodging
 + Level 0.2 Stealth
 + Level 5.5 Shields


You had 5 spell levels left.
You didn't know any spells.

Dungeon Overview and Level Annotations

Branches:
Dungeon (4/15)
 Temple: D:4-7

Altars:
Fedhas
Zin

Annotations:
D:4 Theotherone's ghost, amateur DDFi


Innate Abilities, Weirdness & Mutations

You reflexively headbutt those who attack you in melee.
You have a pair of horns on your head.


Message History

Theotherone's ghost hits you.
You hit Theotherone's ghost.
You headbutt Theotherone's ghost, but do no damage.
Theotherone's ghost is severely damaged.
You block Theotherone's ghost's attack.
You barely miss Theotherone's ghost.
Your headbutt misses Theotherone's ghost.
Theotherone's ghost is severely damaged.
Theotherone's ghost hits you! x2
* * * LOW HITPOINT WARNING * * *
You hit Theotherone's ghost.
You headbutt Theotherone's ghost, but do no damage.
Theotherone's ghost is severely damaged.
Theotherone's ghost hits you.
* * * LOW HITPOINT WARNING * * *
You hit Theotherone's ghost but do no damage.
You headbutt Theotherone's ghost, but do no damage.
Theotherone's ghost is severely damaged.
Theotherone's ghost hits you!
You die...

.)...##.#.....#
#.#
..##.##.......#
###.#
.###.####.....#
#...# .# #..
.....# #.### .#
#.## ##### #.#
.# #.# #.# .#
.# ### #.# .#
.....######.#
#......@....#
..#####W#####
#.# #.# #.# #.#
. ..# . ### #


You could see Theotherone's ghost.

Vanquished Creatures
  Eustachio (D:4)
  A scorpion (D:4)
  A howler monkey (D:4)
  A gnoll (D:3)
  7 adders
  An adder skeleton (D:4)
  2 worms
  3 dart slugs
  4 leopard geckos
  2 orcs
  9 bats
  2 giant cockroaches
  12 goblins
  12 hobgoblins
  4 kobolds
  A ball python (D:1)
  4 frilled lizards (D:3)
  A leopard gecko skeleton (D:4)
  A quokka skeleton (D:4)
  7 rats
76 creatures vanquished.

Notes
Turn   | Place    | Note
-------+----------+-------------------------------------------
     0 | D:1      | tamerofbeasts the Minotaur Fighter began the quest for the Orb.
     0 | D:1      | Reached XP level 1. HP: 19/19 MP: 0/0
   278 | D:1      | Reached XP level 2. HP: 27/27 MP: 1/1
   410 | D:1      | Reached XP level 3. HP: 24/33 MP: 2/2
  1044 | D:2      | Reached XP level 4. HP: 37/40 MP: 3/3
  1912 | D:3      | Reached XP level 5. HP: 42/47 MP: 4/4
  2294 | D:4      | Found a blossoming altar of Fedhas.
  2306 | D:4      | Reached skill level 1 in Dodging
  2359 | D:4      | Found a glowing silver altar of Zin.
  2404 | D:4      | Noticed Eustachio
  2412 | D:4      | Reached skill level 5 in Shields
  2435 | D:4      | Killed Eustachio
  2435 | D:4      | Reached skill level 5 in Maces & Flails
  2435 | D:4      | Reached XP level 6. HP: 42/55 MP: 5/5
  2567 | D:4      | Reached skill level 5 in Armour
  2616 | D:4      | Noticed Theotherone's ghost (amateur DDFi)
  2628 | D:4      | Slain by Theotherone's ghost

Skill      XL: |  1  2  3  4  5  6 |
---------------+-------------------+-----
Armour         | 4 5 |  5.0
Shields        | 4 5 |  5.5
Fighting       | 4 |  4.8
Maces & Flails | 3 5 |  5.1
Dodging        | 1 |  1.3
Stealth        | |  0.2

Action                   |  1- 3 |  4- 6 || total
-------------------------+-------+-------++-------
Melee: Flail             |   105 |   110 ||   215
       Headbutt          |     8 |    16 ||    24
  Use: Scroll            |       |     8 ||     8
  Eat: Ration            |     1 |     2 ||     3
Armor: Scale mail        |    60 |    17 ||    77
       Plate armour      |       |    49 ||    49
Dodge: Dodged            |    44 |    31 ||    75
Block: Shield            |    78 |    78 ||   156
